[Event "EYCC Open U16 2018"]
[Site "Riga"]
[Date "2018.08.20"]
[Round "1"]
[White "Globus, Or"]
[Black "Huynh, Laurent"]
[Result "1-0"]
[ECO "A40"]
[WhiteElo "2402"]
[BlackElo "2071"]
[Annotator "NA"]
[PlyCount "89"]
[EventDate "2018.08.20"]
[EventType "swiss"]
[EventCountry "LAT"]
[SourceTitle "playchess.com"]
[Source "ChessBase"]
[SourceQuality "1"]
[TimeControl "40/5400+30:1800+30"]

1. d4 Nf6 2. c4 e6 3. g3 Bb4+ 4. Bd2 Be7 5. Bg2 d5 6. Nf3 O-O 7. O-O Nbd7 8. Qc2 {[%emt 0:02:10] E11: Bogo-Indian} Ne4 9. Bc1 c6 10. b3 {[%emt 0:04:12] LiveBook: 10 Games} f5 11. Nbd2 $146 ({Predecessor:} 11. Nfd2 Qe8 12. Nc3 Qh5 13. Ndxe4 fxe4 14. f3 Bf6 15. e3 exf3 16. Bxf3 Qe8 17. Bd2 {0-1 (25) Deac,B (2566)-Karjakin,S (2760) Medias 2017}) 11... g5 12. Bb2 Qe8 13. Nxe4 fxe4 14. Ne1 Qh5 15. f3 exf3 16. Rxf3 $16 Nf6 17. Nd3 Bd7 18. Ne5 Rad8 19. Raf1 Be8 20. Bc1 Ng4 21. Rxf8+ Bxf8 22. Nf3 Be7 23. h3 Nh6 24. g4 Nxg4 25. hxg4 Qxg4 26. Qd2 dxc4 27. bxc4 h6 28. Ne5 Qxd4+ 29. Qxd4 Rxd4 30. Bh3 Re4 31. Bxe6+ Kg7 32. Bf5 Bc5+ 33. e3 Rxe5 34. Bb2 Bd6 35. Rd1 Bc7 36. Bxe5+ Bxe5 37. Rd8 Bf7 38. Rd7 Kf6 39. Bd3 a5 40. Rxb7 Be8 41. Be4 Bd6 42. Bxc6 Bxc6 43. Rb6 Ke5 44. Rxc6 g4 45. Ra6 1-0

[Event "EYCC Open U16 2018"]
[Site "Riga"]
[Date "2018.08.20"]
[Round "1"]
[White "Salemgareev, Tagir"]
[Black "Angst, Oliver"]
[Result "1-0"]
[ECO "D11"]
[WhiteElo "2375"]
[BlackElo "2061"]
[Annotator "NA"]
[PlyCount "64"]
[EventDate "2018.08.20"]
[EventType "swiss"]
[EventCountry "LAT"]
[SourceTitle "playchess.com"]
[Source "ChessBase"]
[SourceQuality "1"]
[TimeControl "40/5400+30:1800+30"]

1. d4 d5 2. c4 c6 3. Nf3 Nf6 4. Qc2 dxc4 5. e4 {[%emt 0:00:00] LiveBook: 155 Games} b5 6. b3 cxb3 7. axb3 e5 $14 8. dxe5 Bb4+ 9. Bd2 Bxd2+ 10. Nbxd2 Ng4 11. Qc5 Qe7 12. Qxe7+ Kxe7 13. h3 Nh6 14. b4 Be6 15. Be2 Rc8 16. O-O Nd7 17. Rfc1 a6 18. Rc3 c5 19. bxc5 b4 20. Rcc1 Rxc5 21. Rcb1 a5 22. Rxb4 axb4 23. Rxa8 Rc7 24. Ra5 Rc1+ 25. Kh2 b3 26. Rb5 Rc5 27. Rb7 Rc2 28. Bd1 Kd8 29. Kg3 Nxe5 30. Nxe5 Rxd2 31. Bxb3 Bxb3 32. Rxb3 f5 1-0

[Event "EYCC Open U16 2018"]
[Site "Riga"]
[Date "2018.08.20"]
[Round "1"]
[White "Baenziger, Fabian"]
[Black "Jazdanovs, Aleksandrs"]
[Result "1-0"]
[ECO "A05"]
[WhiteElo "2373"]
[BlackElo "2042"]
[Annotator "NA"]
[PlyCount "55"]
[EventDate "2018.08.20"]
[EventType "swiss"]
[EventCountry "LAT"]
[SourceTitle "playchess.com"]
[Source "ChessBase"]
[SourceQuality "1"]
[TimeControl "40/5400+30:1800+30"]

1. Nf3 Nf6 2. g3 b6 3. Bg2 Bb7 4. d3 d5 5. O-O e6 6. Nbd2 Be7 7. e4 {[%emt 0:00:53] LiveBook: 173 Games} dxe4 8. dxe4 Nbd7 ({Nur nicht} 8... Nxe4 $2 9. Ne5 $18) 9. Qe2 e5 10. Rd1 c6 11. Nc4 Qc7 $16 12. Nh4 g6 13. Bh6 O-O-O 14. Nf3 b5 15. Ncd2 Ng4 16. Be3 Nxe3 17. Qxe3 Qb6 18. Qxb6 axb6 19. Bh3 f6 20. a4 bxa4 21. Nc4 Bc5 22. Nfxe5 fxe5 23. Nxe5 Kc7 24. Rxd7+ Rxd7 25. Nxd7 Bc8 26. Nxc5 Bxh3 27. Nxa4 b5 28. Nc5 1-0

[Event "EYCC Open U16 2018"]
[Site "Riga"]
[Date "2018.08.20"]
[Round "1"]
[White "Postnikov, Roman"]
[Black "Gorshtein, Ido"]
[Result "0-1"]
[ECO "A40"]
[WhiteElo "2070"]
[BlackElo "2375"]
[Annotator "NA"]
[PlyCount "166"]
[EventDate "2018.08.20"]
[EventType "swiss"]
[EventCountry "LAT"]
[SourceTitle "playchess.com"]
[Source "ChessBase"]
[SourceQuality "1"]
[TimeControl "40/5400+30:1800+30"]

1. d4 Nf6 2. c4 e6 3. g3 c5 4. d5 exd5 5. cxd5 b5 6. a4 {[%emt 0:05:10] A60: Benoni (Moderne Benoni-Verteidigung)} (6. Bg2 d6 7. Nf3 g6 8. O-O Bg7 9. e4 O-O 10. Re1 Re8 11. e5 dxe5 12. Nxe5 Bb7 13. Nc6 Rxe1+ 14. Qxe1 Qd7 15. Ne5 {0-1 (32) Li,C (2751)-Ivanchuk,V (2710) Huaian 2016}) 6... b4 7. Bg2 {[%emt 0:11:23] LiveBook: 10 Games} d6 8. Nh3 g6 9. b3 Bg7 10. Bb2 O-O 11. O-O Nbd7 12. Nd2 $146 ({Vorgänger:} 12. Nf4 a5 13. Nd2 Nb6 14. e4 Re8 15. Qc2 {½-½ (31) Duong,T (2354)-Cao,S (2470) Ho Chi Minh City 2013}) 12... Re8 13. Nc4 Nb6 14. Nf4 Nxc4 15. bxc4 a5 16. Re1 $17 Ra7 17. e4 Nd7 18. Bxg7 Kxg7 19. Nd3 Qf6 20. Qb3 Ba6 21. Rac1 Ne5 22. Nxe5 Qxe5 23. f4 Qd4+ 24. Kh1 Qf6 25. Re3 Rae7 26. Qd3 Qb2 27. Qd1 Qf6 28. Qe2 Kf8 29. Rd1 Bb7 30. Kg1 Ba6 31. e5 Qg7 32. Bh3 f5 33. Bg2 Bc8 34. e6 Qf6 35. Qd3 b3 36. Qxb3 Rb7 37. Qc3 Qxc3 38. Rxc3 Rb4 39. Ra1 Ba6 40. Bf1 Ke7 41. h3 h5 42. Kf2 Reb8 43. g4 Rb2+ 44. Kg3 Kf6 45. Re1 Ke7 46. Kh4 hxg4 47. hxg4 Rh8+ 48. Kg5 fxg4 49. Kxg4 Rh1 50. Rh3 Rxh3 51. Kxh3 Rb4 52. Kg4 Rxa4 53. Kg5 Ra3 54. Kxg6 Rg3+ 55. Kh5 Rg1 56. Rb1 a4 57. Rb6 Bc8 58. Bd3 Rd1 59. Bc2 a3 60. Rb1 Rd2 61. Ba4 Ba6 62. Rb6 Bc8 63. Rc6 Bxe6 64. Ra6 Rh2+ 65. Kg5 Rg2+ 66. Kh5 Bf5 67. Bb3 Rg3 68. Bd1 Bb1 69. Kh4 Rg1 70. Bb3 Bf5 71. Ba2 Rg4+ 72. Kh3 Rxf4+ 73. Kg3 Rd4 74. Rxa3 Bd3 75. Rc3 Kf6 76. Kf2 Ke5 77. Ke3 Bf5 78. Bb3 Re4+ 79. Kd2 Rh4 80. Rg3 Kd4 81. Kc1 Rh3 82. Rxh3 Bxh3 83. Kd2 Bf1 0-1

[Event "EYCC Open U16 2018"]
[Site "Riga"]
[Date "2018.08.20"]
[Round "1"]
[White "Lomandong, Marc-Antoine"]
[Black "Shubin, Kirill"]
[Result "1/2-1/2"]
[ECO "A40"]
[WhiteElo "2045"]
[BlackElo "2374"]
[Annotator "NA"]
[PlyCount "41"]
[EventDate "2018.08.20"]
[EventType "swiss"]
[EventCountry "LAT"]
[SourceTitle "playchess.com"]
[Source "ChessBase"]
[SourceQuality "1"]
[TimeControl "40/5400+30:1800+30"]

1. d4 e6 2. Nf3 Nf6 3. b3 b6 4. Bb2 Bb7 5. Nbd2 c5 6. e3 Nc6 {[%emt 0:01:58] LiveBook: 6 Partien} 7. a3 d5 8. Bd3 Bd6 9. Ne5 a6 10. f4 b5 11. c3 Ne7 $11 12. O-O Ne4 13. c4 Nf5 14. Qe2 cxd4 15. cxd5 Nxd2 16. Bxf5 Nxf1 17. Nxf7 Kxf7 18. Bxe6+ Kf8 19. Bxd4 Bc8 20. Bxg7+ Kxg7 21. Qg4+ 1/2-1/2

[Event "EYCC Open U16 2018"]
[Site "Riga"]
[Date "2018.08.21"]
[Round "2"]
[White "Szpar, Milosz"]
[Black "Kizatbay, Abyl"]
[Result "1-0"]
[ECO "B94"]
[WhiteElo "2365"]
[BlackElo "2205"]
[Annotator "NA RC"]
[PlyCount "64"]
[EventDate "2018.08.20"]
[EventType "swiss"]
[EventCountry "LAT"]
[SourceTitle "playchess.com"]
[Source "ChessBase"]
[SourceQuality "1"]
[TimeControl "40/5400+30:1800+30"]

1. e4 c5 2. Nf3 d6 3. d4 cxd4 4. Nxd4 Nf6 5. Nc3 a6 6. Bg5 Nbd7 7. Qe2 h6 8. Bh4 g6 9. f4 e5 10. fxe5 dxe5 11. O-O-O Qc7 12. Nb3 b5 13. Qf3 Bg7 $1 14. a3 O-O 15. Be2 Bb7 16. Rd2 $11 Bc6 17. Rhd1 Rab8 18. Nd5 Nxd5 19. exd5 Ba8 20. Be7 Rfe8 21. Qh3 Rbc8 22. d6 Qa7 23. Rf1 e4 24. c3 Rb8 25. g4 a5 26. Nd4 b4 27. Rxf7 bxc3 28. Rxg7+ Kxg7 29. Ne6+ Kh7 30. Ng5+ Kg7 31. Qxc3+ Kg8 32. Bc4+ Bd5 1-0

[Event "EYCC Open U16 2018"]
[Site "Riga"]
[Date "2018.08.22"]
[Round "3"]
[White "Salemgareev, Tagir"]
[Black "Chukavin, Kirill"]
[Result "1-0"]
[ECO "E51"]
[WhiteElo "2375"]
[BlackElo "2291"]
[Annotator "NA"]
[PlyCount "99"]
[EventDate "2018.08.20"]
[EventType "swiss"]
[EventCountry "LAT"]
[SourceTitle "playchess.com"]
[Source "ChessBase"]
[SourceQuality "1"]
[TimeControl "40/5400+30:1800+30"]

1. d4 Nf6 2. c4 e6 3. Nc3 Bb4 4. e3 O-O 5. Nf3 d5 6. Bd2 c5 7. a3 Bxc3 8. Bxc3 Ne4 9. Rc1 Nxc3 10. Rxc3 {[%emt 0:00:09] LiveBook: 18 Games} cxd4 11. Nxd4 b6 {[%emt 0:06:40] E51: Nimzo-Indian: Rubinstein: 4...0-0 5 Nf3 d5} (11... dxc4 12. Bxc4 Bd7 13. O-O Nc6 14. Nf3 Qe7 15. Qc2 Rfd8 16. Bd3 h6 17. Rc1 Qf6 18. Bh7+ Kh8 19. Be4 {1-0 (47) Rakhmanov,A (2627)-Goganov,A (2576) Ankara 2018}) 12. cxd5 Qxd5 13. Be2 Bb7 14. Bf3 Qd7 15. O-O Na6 $146 ({Predecessor:} 15... Rc8 16. Qc2 Rxc3 17. Qxc3 Bxf3 18. Nxf3 Nc6 19. Rc1 {½-½ (56) Hajnrych,J (1943)-Zochowski,J Lubawka 2007}) 16. Bc6 Bxc6 17. Nxc6 Qb7 18. b4 Nc5 19. Na5 Qa6 20. Qc2 Nd7 21. Nc6 Rfe8 22. Rd1 Nf6 23. e4 Qb7 $16 24. f3 h5 25. Qc1 g6 26. Qf4 Nh7 27. h4 a6 28. Rdc1 f6 29. e5 Qg7 30. Qd4 b5 31. exf6 Nxf6 32. Rc5 Nd7 33. Qxg7+ Kxg7 34. R5c2 Nb6 35. Na5 Rac8 36. Rc6 Kf6 37. Kf2 Red8 38. R1c5 Rb8 39. Rc3 Rd2+ 40. Kg3 Nd5 41. Rc1 g5 42. hxg5+ Kxg5 43. Nb3 Rb2 44. Nd4 Kf6 45. Rxe6+ Kf7 46. Re2 Rg8+ 47. Kh2 Rxe2 48. Nxe2 Re8 49. Rc5 Nxb4 50. Nc1 1-0

[Event "EYCC Open U16 2018"]
[Site "Riga"]
[Date "2018.08.22"]
[Round "3"]
[White "Baenziger, Fabian"]
[Black "Sorensen, Hampus"]
[Result "1/2-1/2"]
[ECO "D10"]
[WhiteElo "2373"]
[BlackElo "2267"]
[Annotator "NA"]
[PlyCount "55"]
[EventDate "2018.08.20"]
[EventType "swiss"]
[EventCountry "LAT"]
[SourceTitle "playchess.com"]
[Source "ChessBase"]
[SourceQuality "1"]
[TimeControl "40/5400+30:1800+30"]

1. d4 d5 2. c4 c6 3. cxd5 cxd5 4. Nc3 Nf6 5. Bf4 Nc6 6. e3 a6 7. Be2 Bf5 8. Nf3 {[%emt 0:01:28] LiveBook: 75 Games} e6 9. Qb3 {[%emt 0:01:05] D13: Slav Defence: Exchange variation without ...Bf5} (9. Ne5 Nxe5 10. Bxe5 Nd7 11. Bg3 Be7 12. O-O O-O 13. Rc1 Rc8 14. Bd3 Bxd3 15. Qxd3 Qa5 16. Rc2 Rc6 17. Rfc1 Rfc8 18. f3 Bb4 19. e4 Bxc3 20. bxc3 Nb6 21. h4 {0-1 (42) Vallejo Pons,F (2711)-Andreikin,D (2737) Tallinn 2016}) 9... Bd6 10. Bxd6 Qxd6 11. Qxb7 O-O 12. Qb3 Rfb8 13. Qa3 Qxa3 14. bxa3 Na7 15. a4 Rc8 $146 (15... Rb2 $14) ({Predecessor:} 15... Ne4 16. Nxe4 Bxe4 {½-½ (51) Gledura,B (2602)-Ali Marandi,C (2479) Minsk 2017}) 16. Kd2 Nc6 17. Rhc1 h6 18. h3 $16 Kf8 19. Bd3 Bxd3 20. Kxd3 Rab8 21. Rab1 Rxb1 22. Rxb1 Rb8 23. Rb3 Nd7 24. Nd2 Nb4+ 25. Ke2 Nc6 26. Kd3 Nb4+ 27. Ke2 Nc6 28. Kd3 1/2-1/2

[Event "EYCC Open U16 2018"]
[Site "Riga"]
[Date "2018.08.22"]
[Round "3"]
[White "Pacan Milej, Kosma"]
[Black "Stefansson, Vignir Vatnar"]
[Result "0-1"]
[ECO "B01"]
[WhiteElo "2354"]
[BlackElo "2260"]
[Annotator "NA"]
[PlyCount "72"]
[EventDate "2018.08.20"]
[EventType "swiss"]
[EventCountry "LAT"]
[SourceTitle "playchess.com"]
[Source "ChessBase"]
[SourceQuality "1"]
[TimeControl "40/5400+30:1800+30"]

1. e4 d5 2. exd5 Qxd5 3. Nc3 Qd6 4. d4 Nf6 5. Nf3 c6 6. g3 {[%emt 0:00:08] B01: Scandinavian Defence} (6. Ne5 Nbd7 7. f4 Nb6 8. g4 g6 9. Bg2 Bg7 10. O-O O-O 11. f5 Rd8 12. Ne2 Nfd7 13. Nxf7 Kxf7 14. Bf4 {1-0 (43) Safarli,E (2657)-Hera,I (2620) Brest 2018}) 6... Bf5 7. Bg2 e6 8. O-O h6 9. a3 Be7 {[%emt 0:02:50] LiveBook: 3 Games} 10. Bf4 Qd8 11. Ne5 O-O 12. Qd2 Nbd7 13. Rfe1 Rc8 $146 ({Predecessor:} 13... Nxe5 14. Bxe5 {½-½ (23) Limanovska,E (1642)-Jakenberg,J (2070) Palanga 2013}) 14. Rad1 Nd5 15. Ne4 N7f6 16. c4 Nxe4 17. Bxe4 Bxe4 18. Rxe4 Nf6 19. Ree1 b5 20. b3 a5 21. Qc1 Kh7 $14 22. Qb1+ Kg8 23. Qc1 Kh7 24. Qb1+ Kg8 25. a4 Qb6 26. axb5 cxb5 27. d5 Bc5 28. Nd3 exd5 29. Nxc5 Qxc5 30. cxd5 Nxd5 31. Re5 Rcd8 32. h4 f6 33. Rh5 Qc6 34. Rc1 Qe6 35. Qf5 Qxf5 36. Rxf5 g6 0-1

[Event "EYCC Open U16 2018"]
[Site "Riga"]
[Date "2018.08.22"]
[Round "3"]
[White "Travadon, Loic"]
[Black "Lisnyak, Vladislav"]
[Result "0-1"]
[ECO "A45"]
[WhiteElo "2334"]
[BlackElo "2198"]
[Annotator "NA"]
[PlyCount "68"]
[EventDate "2018.08.20"]
[EventType "swiss"]
[EventCountry "LAT"]
[SourceTitle "playchess.com"]
[Source "ChessBase"]
[SourceQuality "1"]
[TimeControl "40/5400+30:1800+30"]

1. d4 Nf6 2. Bf4 d5 3. e3 e6 4. Nf3 c5 5. c3 Nc6 6. Nbd2 Bd6 7. Bg3 O-O 8. Bd3 Qe7 9. Ne5 Nd7 10. Nxd7 {[%emt 0:00:07] D02: 1 d4 d5 2 Nf3 sidelines, including 2...Nf6 3 g3 and 2...Nf6 3 Bf4} Bxd7 (10... Qxd7 11. O-O b6 12. Bxd6 Qxd6 13. f4 f5 14. Nf3 c4 15. Bc2 b5 16. a3 a5 17. g4 Bd7 {½-½ (69) Grischuk,A (2781)-Hammer,J (2677) Stavanger 2015}) 11. Bxd6 Qxd6 12. dxc5 Qxc5 13. Bxh7+ Kxh7 14. Qh5+ Kg8 15. Ne4 Qb5 {[%emt 0:07:02] [#]} (15... g6 $142 16. Nxc5 gxh5) 16. Ng5 $1 Rfd8 17. Qxf7+ Kh8 18. O-O-O $146 Qc4 19. Qh5+ Kg8 20. Qh7+ Kf8 21. Qh8+ Ke7 22. Qxg7+ Kd6 23. Nf7+ Kc7 24. Nxd8 Rxd8 25. Kb1 b5 26. h4 e5 27. h5 Kb6 28. h6 d4 29. exd4 Bf5+ 30. Kc1 Qa4 31. Kd2 exd4 32. Ke2 {[%emt 0:00:42] [#]} Bg4+ $19 33. Qxg4 d3+ 34. Rxd3 Qxg4+ 0-1

[Event "EYCC Open U16 2018"]
[Site "Riga"]
[Date "2018.08.22"]
[Round "3"]
[White "Petriashvili, Nikoloz"]
[Black "Gorshtein, Ido"]
[Result "1/2-1/2"]
[ECO "B15"]
[WhiteElo "2323"]
[BlackElo "2375"]
[Annotator "NA"]
[PlyCount "68"]
[EventDate "2018.08.20"]
[EventType "swiss"]
[EventCountry "LAT"]
[SourceTitle "playchess.com"]
[Source "ChessBase"]
[SourceQuality "1"]
[TimeControl "40/5400+30:1800+30"]

1. e4 c6 2. d4 d5 3. Nc3 dxe4 4. Nxe4 Nf6 5. Nxf6+ exf6 6. c3 Bd6 7. Bd3 O-O 8. Qc2 Re8+ {[%emt 0:00:09] B15: Caro-Kann: 3 Nc3: 3...g6 and 3...dxe4 4 Nxe4 Nf6 5 Nxf6+ exf6} 9. Ne2 h5 (9... g6 10. h4 Nd7 11. h5 Nf8 12. Be3 Be6 13. O-O-O a5 14. Kb1 a4 15. hxg6 fxg6 16. c4 Bf7 17. Nc3 a3 18. b3 f5 {0-1 (29) Saric,I (2669)-Jobava,B (2690) Riadh 2017}) 10. Be3 {[%emt 0:05:29] LiveBook: 22 Games} h4 11. Bh7+ $146 ({Predecessor:} 11. O-O-O $14 Nd7 12. g3 h3 13. Bh7+ Kh8 14. Bf5 Nf8 15. d5 Qa5 16. Rd4 Kg8 17. Rhd1 {0-1 (46) Arvola,B (2435)-Risting,E (2295) Stavanger 2017}) 11... Kh8 $1 12. Bf5 Nd7 13. O-O-O Nb6 14. Bxc8 Qxc8 15. c4 Bc7 16. Kb1 Qg4 17. g3 Re7 18. b3 Rae8 19. h3 Qf3 20. g4 Nc8 21. Nc3 $11 ({Better is} 21. d5 $14) 21... Nd6 22. d5 Ne4 23. Nxe4 Rxe4 24. Qd3 Rxe3 25. fxe3 Rxe3 26. Qf5 Bf4 27. d6 Rxb3+ 28. axb3 Qxb3+ 29. Ka1 Qa3+ 30. Kb1 Qb4+ 31. Kc2 Qxc4+ 32. Kb2 Qb4+ 33. Kc2 Qa4+ 34. Kb2 Qb4+ 1/2-1/2

[Event "EYCC Open U16 2018"]
[Site "Riga"]
[Date "2018.08.22"]
[Round "3"]
[White "Remizov, Yaroslav"]
[Black "Gatineau, Yovann"]
[Result "1-0"]
[ECO "B90"]
[WhiteElo "2317"]
[BlackElo "2368"]
[Annotator "NA"]
[PlyCount "57"]
[EventDate "2018.08.20"]
[EventType "swiss"]
[EventCountry "LAT"]
[SourceTitle "playchess.com"]
[Source "ChessBase"]
[SourceQuality "1"]
[TimeControl "40/5400+30:1800+30"]

1. e4 c5 2. Nf3 d6 3. d4 Nf6 4. Nc3 cxd4 5. Nxd4 a6 6. Be3 e5 7. Nb3 Be6 8. Qd2 Be7 9. f3 O-O 10. O-O-O a5 11. a4 Nc6 12. g4 Nb4 13. g5 Nh5 14. Kb1 Rc8 15. Rg1 $14 {[%emt 0:16:17] LiveBook: 49 Games} f5 16. Bh3 b5 17. axb5 a4 18. Nxa4 Nxc2 19. Nbc5 Qe8 20. Nxe6 Qxb5 21. Nc3 Na3+ 22. Kc1 Qb4 23. Bc5 Rxc5 24. Nxc5 Rc8 25. Na6 Qb6 26. Bxf5 Nc4 27. Qd5+ Kh8 28. Qb5 Qe3+ 29. Kb1 1-0

[Event "EYCC Open U16 2018"]
[Site "Riga"]
[Date "2018.08.22"]
[Round "3"]
[White "Mis, Mieszko"]
[Black "Szpar, Milosz"]
[Result "1/2-1/2"]
[ECO "C67"]
[WhiteElo "2301"]
[BlackElo "2365"]
[Annotator "NA"]
[PlyCount "40"]
[EventDate "2018.08.20"]
[EventType "swiss"]
[EventCountry "LAT"]
[SourceTitle "playchess.com"]
[Source "ChessBase"]
[SourceQuality "1"]
[TimeControl "40/5400+30:1800+30"]

1. e4 e5 2. Nf3 Nc6 3. Bb5 Nf6 4. O-O Nxe4 5. Re1 Nd6 6. Nxe5 Be7 7. Bf1 Nxe5 8. Rxe5 O-O 9. d4 Bf6 10. Re1 Re8 {[%emt 0:01:35] LiveBook: 232 Games} 11. Rxe8+ Nxe8 12. c3 d5 13. Bf4 Bf5 14. Bd3 $11 Bxd3 15. Qxd3 c6 16. Nd2 Nd6 17. Re1 Qd7 18. Bxd6 Qxd6 19. Qg3 Qxg3 20. hxg3 Kf8 1/2-1/2

[Event "EYCC Open U16 2018"]
[Site "Riga"]
[Date "2018.08.22"]
[Round "3"]
[White "Kuznecovs, Nikita"]
[Black "Oboladze, Luka"]
[Result "0-1"]
[ECO "A00"]
[WhiteElo "2280"]
[BlackElo "2349"]
[Annotator "NA"]
[PlyCount "66"]
[EventDate "2018.08.20"]
[EventType "swiss"]
[EventCountry "LAT"]
[SourceTitle "playchess.com"]
[Source "ChessBase"]
[SourceQuality "1"]
[TimeControl "40/5400+30:1800+30"]

1. g3 c5 2. Bg2 Nc6 3. e4 g6 4. f4 Bg7 5. d3 e6 6. Nf3 Nge7 7. O-O O-O {[%emt 0:00:19] LiveBook: 290 Games} 8. a4 {[%emt 0:02:50] B20: Sicilian: Unusual White 2nd moves} (8. c3 d5 9. e5 d4 10. c4 f6 11. exf6 Bxf6 12. Nbd2 b6 13. Ne4 Bg7 14. Qe2 Nf5 15. Ne5 Nxe5 16. fxe5 Rb8 17. Bg5 Qc7 {1-0 (39) Nakamura,H (2775)-Kryvoruchko,Y (2707) Dubai 2014}) 8... b6 9. c3 d5 10. Na3 Bb7 11. Qe2 $146 ({Predecessor:} 11. Qc2 Rc8 12. Rd1 Qd7 13. Be3 Nd4 14. Bxd4 cxd4 15. c4 dxe4 16. dxe4 Rfd8 {0-1 (36) Lenderman,A (2600)-Daulyte,D (2447) Reykjavik 2018}) 11... a6 12. Bd2 Na5 13. e5 Nb3 14. Ra2 Qd7 15. Nc2 Bc6 16. Na1 Nxd2 17. Qxd2 Bxa4 18. b3 Bc6 $17 19. Nc2 Bb7 20. d4 Rfc8 21. b4 cxb4 22. cxb4 a5 23. bxa5 bxa5 24. Nfe1 Ba6 25. Rf3 Nc6 26. Nd3 Bf8 27. g4 Qa7 28. Nde1 Nxd4 29. Nxd4 Bb4 30. Qe3 Bxe1 31. f5 Bc3 32. Ra4 Bxd4 33. Rxd4 Rc4 0-1

[Event "EYCC Open U16 2018"]
[Site "Riga"]
[Date "2018.08.23"]
[Round "4"]
[White "Gorshtein, Ido"]
[Black "Degraeve, Remy"]
[Result "0-1"]
[ECO "C77"]
[WhiteElo "2375"]
[BlackElo "2322"]
[Annotator "NA RC"]
[PlyCount "68"]
[EventDate "2018.08.20"]
[EventType "swiss"]
[EventCountry "LAT"]
[SourceTitle "playchess.com"]
[Source "ChessBase"]
[SourceQuality "1"]
[TimeControl "40/5400+30:1800+30"]

1. e4 e5 2. Nf3 Nc6 3. Bb5 a6 4. Ba4 Nf6 5. Nc3 {[%emt 0:00:00] LiveBook: 232 Games} Bb4 6. Nd5 Bc5 {[%emt 0:01:17] C77: Ruy Lopez: 3...a6 4 Ba4 Nf6, unusual lines} (6... Ba5 7. O-O O-O 8. d3 h6 9. c3 b5 10. Bc2 d6 11. b4 Bb6 12. Nxb6 cxb6 13. a4 bxa4 14. Bxa4 {1-0 (44) Stevic,H (2600)-Plenca,J (2415) Zadar 2016}) 7. O-O O-O 8. d4 Nxd4 9. Bg5 $146 ({Predecessor:} 9. Nxd4 Nxd5 10. Nf5 Ne7 11. Bg5 f6 12. Bb3+ Kh8 13. Be3 d6 {0-1 (31) Blackburne,J-Zukertort,J Paris 1878}) 9... Nxf3+ 10. Qxf3 Be7 $1 11. Nxe7+ Qxe7 12. Rad1 d6 13. Qg3 Qe6 14. Bb3 Nxe4 15. Bxe6 Nxg3 16. Bxf7+ Rxf7 17. hxg3 Be6 18. Rd2 a5 ({Worse is} 18... Bxa2 19. b3 $14) 19. a4 h6 20. Be3 g5 21. Re1 Bd7 22. b3 Kg7 23. f3 Kg6 24. Kf2 Bc6 25. Red1 h5 26. c4 Rh8 27. c5 $19 d5 28. Re2 d4 29. Bc1 e4 30. f4 d3 31. Rb2 h4 32. Be3 Rg8 33. Ke1 gxf4 34. gxf4 Kf5 0-1

[Event "EYCC Open U16 2018"]
[Site "Riga"]
[Date "2018.08.24"]
[Round "5"]
[White "Baenziger, Fabian"]
[Black "Lisnyak, Vladislav"]
[Result "1/2-1/2"]
[ECO "E06"]
[WhiteElo "2373"]
[BlackElo "2198"]
[Annotator "NA"]
[PlyCount "58"]
[EventDate "2018.08.20"]
[EventType "swiss"]
[EventCountry "LAT"]
[SourceTitle "playchess.com"]
[Source "ChessBase"]
[SourceQuality "1"]
[TimeControl "40/5400+30:1800+30"]

1. d4 Nf6 2. c4 e6 3. Nf3 d5 4. g3 Be7 5. Bg2 O-O 6. O-O dxc4 7. Qc2 a6 8. a4 Bd7 9. Qxc4 b5 {[%emt 0:08:03] LiveBook: 6 Games E05: Open Catalan: 5 Nf3 Be7} (9... Bc6 10. Bg5 Bd5 11. Qc2 Be4 12. Qd1 h6 13. Bxf6 Bxf6 14. Nc3 Bxf3 15. Bxf3 Qxd4 16. Bxb7 Ra7 17. Bg2 Nd7 18. Ne4 c5 19. Rb1 Qxd1 20. Rfxd1 {½-½ (43) Aronian,L (2764)-So,W (2778) Stavanger 2018}) 10. Qc2 Bc6 11. Bf4 Nd5 12. Ne5 Bb7 13. Rc1 $146 ({Predecessor:} 13. Bd2 Bd6 14. Nd3 Nc6 15. e3 Ncb4 16. Nxb4 Bxb4 17. Rc1 Bxd2 18. Nxd2 {1-0 (25) Lazarev,V (2445)-Passager,J (2212) Creon 2011}) 13... Bd6 14. Nd3 Nc6 15. e3 Ncb4 16. Nxb4 Nxb4 17. Qb3 Bxg2 18. Kxg2 Nd5 $14 19. Bxd6 cxd6 20. Nc3 Nxc3 21. Qxc3 Qb8 22. Qb4 bxa4 23. Rxa4 Qxb4 24. Rxb4 a5 25. Ra4 Rfb8 26. Rc6 d5 27. Rc5 Rxb2 28. Raxa5 Rbb8 29. Kf3 g6 {[%emt 0:00:58] Ke4} 1/2-1/2

[Event "EYCC Open U16 2018"]
[Site "Riga"]
[Date "2018.08.24"]
[Round "5"]
[White "Martinovici, Ilie"]
[Black "Sorensen, Hampus"]
[Result "1-0"]
[ECO "D31"]
[WhiteElo "2358"]
[BlackElo "2267"]
[Annotator "NA"]
[PlyCount "119"]
[EventDate "2018.08.20"]
[EventType "swiss"]
[EventCountry "LAT"]
[SourceTitle "playchess.com"]
[Source "ChessBase"]
[SourceQuality "1"]
[TimeControl "40/5400+30:1800+30"]

1. d4 d5 2. c4 e6 3. Nc3 Bb4 4. cxd5 exd5 5. Nf3 Nf6 6. Bg5 h6 7. Bxf6 Qxf6 8. Qa4+ Nc6 9. e3 O-O 10. Be2 Rd8 11. O-O {[%emt 0:00:32] D38: Queen's Gambit Declined: Ragozin Defence (4 Nf3 Bb4)} Bf5 {[%emt 0:04:13] LiveBook: 3 Games} (11... Bf8 12. Rac1 Ne7 13. b4 a6 14. Qb3 Qd6 15. a4 Be6 16. b5 a5 17. Ne5 c5 18. bxc6 Nxc6 {1-0 (45) Obregon,C (2514)-Fedoseev,V (2724) chess.com INT 2018}) 12. Rac1 Bxc3 $146 (12... Bf8 $11) ({Predecessor:} 12... a6 13. Qb3 Be6 14. Na4 Bd6 15. Nc5 Bc8 16. Kh1 Ne7 17. e4 Bxc5 18. e5 Qb6 19. Rxc5 Qxb3 20. axb3 {½-½ (39) Wang,D (2130)-Kojima,S (2264) Budapest 2012}) 13. Rxc3 Qd6 14. Rfc1 Rdc8 15. Qb3 Rab8 16. Qa3 Qxa3 17. bxa3 $16 f6 18. Bb5 Bd7 19. Rc5 Be8 20. Ne1 a6 21. Bxc6 bxc6 22. Nd3 Rb5 23. Nb4 Rxc5 24. Rxc5 Rb8 25. h4 Rb5 26. Nxa6 Rb1+ 27. Kh2 Rb2 28. Kg3 Rxa2 29. Nxc7 Bd7 30. Rc3 g5 31. h5 Ra1 32. Na6 Be8 33. Nb4 Kg7 34. Nxc6 Bxh5 35. Ne7 Bf7 36. Rc7 Rxa3 37. Nf5+ Kg6 38. Nxh6 Kxh6 39. Rxf7 Kg6 40. Rd7 Ra5 41. Rc7 Ra6 42. Rc5 Rd6 43. f3 Rd8 44. Kf2 Rd6 45. g4 Kf7 46. f4 f5 47. fxg5 Kg6 48. gxf5+ Kxg5 49. e4 dxe4 50. Ke3 Ra6 51. Kxe4 Kf6 52. Rc4 Rb6 53. d5 Rb1 54. d6 Kf7 55. Kd5 Ke8 56. Re4+ Kd8 57. Ke6 Rh1 58. f6 Rf1 59. f7 Rf2 60. Re5 1-0